 Dungeon Crawl Stone Soup version 0.30-a0-168-g0b976cbdc4 (webtiles) character file.

Game seed: 11688934390486867037

1038 qw the Chopper (level 8, 0/50 HPs)
             Began as a Gargoyle Fighter on Sept 29, 2022.
             Slain by a gnoll
             ... wielding a +0 spear
             ... led by a gnoll bouda
              (5 damage)
             ... on level 6 of the Dungeon.
             The game lasted 00:01:57 (6023 turns).

qw the Chopper (Gargoyle Fighter)                   Turns: 6023, Time: 00:01:58

Health: 0/50       AC: 28    Str: 22    XL:     8   Next: 24%
Magic:  8/8        EV:  7    Int:  9    God:
Gold:   119        SH:  4    Dex:  9    Spells: 7/7 levels left

rFire   . . .      SeeInvis .    Y - +2 war axe
rCold   . . .      Faith    .    c - +0 buckler
rNeg    + . .      Spirit   .    h - +0 chain mail
rPois   inf        Reflect  .    b - +1 helmet
rElec   +          Harm     .    (no cloak)
rCorr   .          Rampage  .    g - +2 pair of gloves
Will    .....                    (no boots)
Stlth   ..........               (no amulet)
HPRegen 0.16/turn                e - ring "Joonig" {rElec AC+4}
MPRegen 0.11/turn                r - +4 ring of protection

@: no status effects
A: sickness immunity, AC +5, negative energy resistance 1, electricity
resistance, torment resistance 1, petrification resistance
a: no special abilities


You were on level 6 of the Dungeon.
You visited 2 branches of the dungeon, and saw 7 of its levels.

You collected 161 gold pieces.
You spent 42 gold pieces at shops.


Innate Abilities, Weirdness & Mutations

You are immune to sickness and miasma.
Your stone body is resilient. (AC +5)
You are immune to poison.
You resist negative energy. (rN+)
You are resistant to electric shocks. (rElec)
You are resistant to unholy torment.
You are immune to petrification.


   Skills:
 - Level 5.4 Fighting
 + Level 7.6 Axes
 - Level 3.2 Armour
 - Level 1.5 Dodging
 - Level 3.2 Shields


You had 7 spell levels left.
You didn't know any spells.
Your spell library was empty.

Inventory:

Hand Weapons
 p - a +0 flail
 Y - a +2 war axe (weapon)
Armour
 b - a +1 helmet (worn)
 c - a +0 buckler (worn)
 g - a +2 pair of gloves (worn)
 h - a +0 chain mail (worn)
Jewellery
 e - the ring "Joonig" (left hand) {rElec AC+4}
   (You acquired it on level 1 of the Dungeon)

   [ring of protection]

   AC:        It affects your AC (+4).
   rElec:     It insulates you from electricity.
 k - a ring of fire
 r - a +4 ring of protection (right hand)
Wands
 q - a wand of digging (10)
Scrolls
 f - a scroll of identify
Potions
 a - a potion of mutation
 d - a potion of might
 i - a potion of curing
 l - a potion of cancellation
 m - a potion of haste
 o - a potion of attraction
 u - a potion of resistance {unknown}

Dungeon Overview and Level Annotations

Branches:
Dungeon (6/15)             Temple (1/1) D:4

Altars:
Dithmenos
Elyvilon
Fedhas
Gozag
Hepliaklqana
Nemelex Xobeh
Sif Muna
Trog
Wu Jian
Yredelemnul
Zin
The Shining One

Shops:
D:2 [   D:3 !

Annotations:
D:4 2 transporters


Message History

You kill the gnoll!
The gnoll hits you from afar with a +0 spear.
The gnoll hits you but does no damage.
The gnoll bouda gazes fiercely through you!
You feel as though you will be weak longer.
The gnoll bouda barely misses you. The gnoll hits you but does no damage.
Things that are here:
a +0 club; a coppery potion; a gnoll corpse You hit the gnoll bouda.
The gnoll bouda is lightly wounded.
You barely miss the gnoll. The gnoll hits you but does no damage.
The gnoll bouda hits you but does no damage.
The gnoll hits you from afar with a +0 spear.
You barely miss the gnoll bouda.
The gnoll bouda is lightly wounded.
You barely miss the gnoll. You block the gnoll's attack.
The gnoll bouda hits you but does no damage.
The gnoll hits you but does no damage. The gnoll closely misses you.
The gnoll bouda closely misses you.
You closely miss the gnoll bouda.
The gnoll bouda is lightly wounded.
You hit the gnoll.
The gnoll is no longer moving quickly.
The gnoll closely misses you. You block the gnoll's attack.
The gnoll bouda hits you but does no damage.
You hit the gnoll.
The gnoll is heavily wounded.
You hit the gnoll bouda. The gnoll hits you but does no damage.
The gnoll hits you with a +0 club. The gnoll bouda closely misses you.
You slash the gnoll!
You kill the gnoll!
You hit the gnoll bouda.
Your attacks no longer feel as feeble.
The gnoll hits you from afar with a +0 spear!
The gnoll bouda hits you but does no damage.
The gnoll hits you from afar with a +0 spear.
You die...

#.# #.# #.# #.#
#.# #.# #.#
#.###.###.####
#.............
#>###.....#### ..
#.#####
.#.#####.########
...........>....#.
........@.........
######)g#g####.#.
#..#.# #..#.##
#.....###.#.#
#...#.......#
#.#)..##.#..#
#...#.## # #...#.#


You could see a gnoll bouda and a gnoll.

Vanquished Creatures
  2 water moccasins (D:5)
  A black bear (D:6)
  2 centaurs (D:5)
  Blork the orc (D:4)
  2 hounds
  A jelly (D:6)
  2 orc priests
  Ijyb (D:5)
  2 iguanas
  Natasha (D:3)
  2 orc wizards (D:5)
  4 gnolls (D:6)
  8 adders
  2 ufetubi
  3 worms
  3 dart slugs
  11 orcs
  5 ball pythons
  8 endoplasms
  8 goblins
  3 hobgoblins
  A jackal (D:1)
  3 quokkas
  6 bats
  13 frilled lizards
  2 kobolds
  6 rats
103 creatures vanquished.

Notes
Turn   | Place    | Note
-------+----------+-------------------------------------------
     0 | D:1      | qw the Gargoyle Fighter began the quest for the Orb.
     0 | D:1      | Reached XP level 1. HP: 14/14 MP: 1/1
     0 | D:1      | 0 ||| qw: Version: 0.2-a-12-gaebbb33
     0 | D:1      | 0 ||| qw: Game counter: 1185
     0 | D:1      | 0 ||| qw: Always use a shield: true
     0 | D:1      | 0 ||| qw: God list: Okawaru
     0 | D:1      | 0 ||| qw: Allow faded altars: false
     0 | D:1      | 0 ||| qw: Do Orc after D:15 true
     0 | D:1      | 0 ||| qw: Do second Lair branch before Depths: true
     0 | D:1      | 0 ||| qw: Lair rune preference: random
     0 | D:1      | 0 ||| qw: Plans: Normal, Zot:1-4, God:TSO, Crypt, Tomb,
                  | Pan, Slime:5, Hells, Abyss, Orb
     0 | D:1      | 0 ||| PLANNING D:1-11
   103 | D:1      | Reached skill level 2 in Axes
   367 | D:1      | Reached XP level 2. HP: 19/19 MP: 2/2
   979 | D:1      | Reached skill level 3 in Axes
  1088 | D:1      | Reached XP level 3. HP: 23/23 MP: 3/3
  1191 | D:1      | 1191 ||| UPGRADING to +2 pair of gloves.
  1196 | D:1      | 1196 ||| READING 2 scrolls labelled VENOUH CEFULL.
  1197 | D:1      | 1197 ||| READING 2 scrolls labelled YVYOSCHOJAT.
  1198 | D:1      | 1198 ||| READING scroll labelled MOUTAMOYWK.
  1199 | D:1      | 1199 ||| READING scroll labelled MUONISCHUGI.
  1199 | D:1      | Identified a scroll of acquirement
  1199 | D:1      | 1199 ||| ACQUIRING ring "Joonig" {rElec AC+4}
  1199 | D:1      | Acquired the ring "Joonig" {rElec AC+4}
  1201 | D:1      | 1201 ||| UPGRADING to ring "Joonig" {rElec AC+4}.
  1202 | D:1      | 1202 ||| READING scroll labelled ZAJEQU ACANK.
  1203 | D:1      | 1203 ||| DROPPING scroll of poison.
  1237 | D:2      | 1237 ||| Stepping ~*~*~tactically~*~*~ (stealth).
  1242 | D:2      | 1242 ||| Stepping ~*~*~tactically~*~*~ (stealth).
  1244 | D:2      | 1244 ||| Stepping ~*~*~tactically~*~*~ (stealth).
  1246 | D:2      | 1246 ||| Stepping ~*~*~tactically~*~*~ (stealth).
  1264 | D:2      | 1264 ||| FLEEEEING.
  1265 | D:2      | 1265 ||| FLEEEEING.
  1266 | D:2      | 1266 ||| FLEEEEING.
  1267 | D:2      | 1267 ||| FLEEEEING.
  1268 | D:2      | 1268 ||| FLEEEEING.
  1269 | D:2      | 1269 ||| STAIRDANCE
  1320 | D:2      | 1320 ||| STAIRDANCE
  1399 | D:2      | Found Lesaoli's Antique Armour Boutique.
  1409 | D:2      | 1409 ||| SHOPLISTING chain mail (121 gold, have 41).
  1409 | D:2      | 1409 ||| SHOPLISTING fine plate armour (756 gold, have 41).
  1409 | D:2      | 1409 ||| SHOPLISTING glowing hat (189 gold, have 41).
  1409 | D:2      | 1409 ||| SHOPLISTING kite shield (121 gold, have 41).
  1409 | D:2      | 1409 ||| SHOPLISTING pair of embroidered gloves (202 gold,
                  | have 41).
  1409 | D:2      | 1409 ||| SHOPLISTING runed plate armour (702 gold, have
                  | 41).
  1427 | D:2      | 1427 ||| Stepping ~*~*~tactically~*~*~ (stealth).
  1877 | D:2      | Reached XP level 4. HP: 28/28 MP: 4/4
  2000 | D:2      | Found an ornate altar of the Wu Jian Council.
  2025 | D:2      | 2025 ||| READING scroll labelled JUSMAC OKOGG.
  2060 | D:3      | 2060 ||| DROPPING +0 club.
  2072 | D:3      | 2072 ||| Stepping ~*~*~tactically~*~*~ (stealth).
  2082 | D:3      | Reached skill level 4 in Axes
  2172 | D:3      | 2172 ||| Stepping randomly (stuck).
  2304 | D:3      | Found Rouryuff's Distillery.
  2310 | D:3      | 2310 ||| BUYING potion of attraction (42 gold).
  2310 | D:3      | Bought a potion of attraction for 42 gold pieces
  2310 | D:3      | 2310 ||| SHOPLISTING potion of cancellation (112 gold, have
                  | 24).
  2310 | D:3      | 2310 ||| SHOPLISTING potion of curing (42 gold, have 24).
  2310 | D:3      | 2310 ||| SHOPLISTING potion of lignification (42 gold, have
                  | 24).
  2393 | D:3      | Found a faded altar of an unknown god.
  2615 | D:3      | 2615 ||| Stepping ~*~*~tactically~*~*~ (hiding).
  2740 | D:3      | Found a bloodstained altar of Trog.
  3004 | D:3      | Found an opulent altar of Gozag.
  3004 | D:3      | Found a sparkling altar of Nemelex Xobeh.
  3256 | D:3      | 3256 ||| UPGRADING to +4 ring of protection.
  3257 | D:3      | 3257 ||| DROPPING +6 ring of intelligence.
  3258 | D:3      | 3258 ||| READING scroll labelled HATYAR FISOYGI.
  3259 | D:3      | 3259 ||| READING scroll labelled YDUWYU PETZ.
  3260 | D:3      | 3260 ||| DRINKING 2 metallic brown potions.
  3332 | D:4      | Found a transporter.
  3385 | D:4      | Found a staircase to the Ecumenical Temple.
  3386 | D:4      | 3386 ||| PLANNING TEMPLE
  3386 | D:4      | 3386 ||| READING scroll labelled HORAON YLUAT.
  3392 | D:4      | 3392 ||| FLEEEEING.
  3393 | D:4      | 3393 ||| FLEEEEING.
  3394 | D:4      | 3394 ||| FLEEEEING.
  3396 | D:4      | 3396 ||| FLEEEEING.
  3397 | D:4      | 3397 ||| FLEEEEING.
  3398 | D:4      | 3398 ||| FLEEEEING.
  3399 | D:4      | 3399 ||| FLEEEEING.
  3400 | D:4      | 3400 ||| FLEEEEING.
  3401 | D:4      | 3401 ||| FLEEEEING.
  3402 | D:4      | 3402 ||| FLEEEEING.
  3403 | D:4      | 3403 ||| FLEEEEING.
  3404 | D:4      | 3404 ||| FLEEEEING.
  3405 | D:4      | 3405 ||| FLEEEEING.
  3406 | D:4      | 3406 ||| FLEEEEING.
  3406 | D:4      | Noticed Blork the orc
  3407 | D:4      | 3407 ||| FLEEEEING.
  3408 | D:4      | 3408 ||| FLEEEEING.
  3409 | D:4      | 3409 ||| STAIRDANCE
  3511 | D:4      | 3511 ||| STAIRDANCE
  3554 | D:4      | 3554 ||| STAIRDANCE
  3558 | D:4      | 3558 ||| STAIRDANCE
  3561 | D:3      | Reached XP level 5. HP: 32/32 MP: 5/5
  3563 | D:4      | 3563 ||| STAIRDANCE
  3570 | D:4      | 3570 ||| STAIRDANCE
  3576 | D:3      | 3576 ||| DROPPING +0 whip.
  3580 | D:4      | 3580 ||| STAIRDANCE
  3580 | D:4      | Noticed Natasha
  3698 | D:4      | 3698 ||| STAIRDANCE
  3705 | D:4      | 3705 ||| STAIRDANCE
  3709 | D:4      | 3709 ||| STAIRDANCE
  3713 | D:4      | 3713 ||| STAIRDANCE
  3720 | D:3      | Killed Natasha
  3823 | D:4      | 3823 ||| STAIRDANCE
  3831 | D:3      | Reached skill level 5 in Axes
  4005 | D:3      | 4005 ||| UPGRADING to +0 chain mail.
  4015 | D:3      | 4015 ||| DROPPING +0 scale mail.
  4019 | D:4      | 4019 ||| STAIRDANCE
  4024 | D:4      | 4024 ||| STAIRDANCE
  4028 | D:4      | 4028 ||| STAIRDANCE
  4032 | D:4      | 4032 ||| STAIRDANCE
  4081 | D:4      | 4081 ||| STAIRDANCE
  4085 | D:4      | 4085 ||| STAIRDANCE
  4209 | D:4      | 4209 ||| STAIRDANCE
  4213 | D:4      | 4213 ||| STAIRDANCE
  4224 | D:4      | Killed Blork the orc
  4225 | D:4      | Reached XP level 6. HP: 21/38 MP: 6/6
  4377 | Temple   | Entered the Ecumenical Temple
  4378 | Temple   | 4378 ||| PLANNING D:1-11
  4382 | D:4      | 4382 ||| Stepping ~*~*~tactically~*~*~ (stealth).
  4383 | D:4      | 4383 ||| Stepping ~*~*~tactically~*~*~ (stealth).
  4452 | D:4      | Found a shadowy altar of Dithmenos.
  4459 | D:4      | Found a transporter.
  4937 | D:4      | 4937 ||| UPGRADING to +0 helmet.
  4942 | D:4      | 4942 ||| READING scroll of enchant armour.
  4942 | D:4      | 4942 ||| ENCHANTING +0 helmet.
  4943 | D:4      | 4943 ||| READING scroll labelled POZES GASOSO.
  4946 | D:4      | 4946 ||| READING scroll labelled WIZEECHERA.
  4976 | D:5      | Entered Level 5 of the Dungeon
  5068 | D:5      | 5068 ||| Stepping ~*~*~tactically~*~*~ (hiding).
  5076 | D:5      | Reached skill level 6 in Axes
  5076 | D:5      | Reached XP level 7. HP: 38/43 MP: 7/7
  5080 | D:5      | Reached skill level 1 in Dodging
  5250 | D:5      | 5250 ||| Stepping ~*~*~tactically~*~*~ (stealth).
  5252 | D:5      | 5252 ||| Stepping ~*~*~tactically~*~*~ (hiding).
  5277 | D:5      | 5277 ||| READING scroll of enchant weapon.
  5277 | D:5      | 5277 ||| ENCHANTING +1 war axe.
  5298 | D:5      | Noticed Ijyb
  5306 | D:5      | Reached skill level 7 in Axes
  5310 | D:5      | Killed Ijyb
  5398 | D:5      | Reached XP level 8. HP: 50/50 MP: 8/8
  5535 | D:5      | Found a glowing golden altar of the Shining One.
  5787 | D:5      | 5787 ||| READING scroll labelled QAHAME VAOTI.
  5846 | D:5      | 5846 ||| DRINKING 2 sedimented cyan potions.
  5847 | D:5      | 5847 ||| READING 5 scrolls of identify.
  5847 | D:5      | 5847 ||| IDENTIFYING fuming puce potion
  5848 | D:5      | 5848 ||| READING 4 scrolls of identify.
  5848 | D:5      | 5848 ||| IDENTIFYING grey potion
  5849 | D:5      | 5849 ||| READING 3 scrolls of identify.
  5849 | D:5      | 5849 ||| IDENTIFYING sedimented red potion
  5850 | D:5      | 5850 ||| READING 2 scrolls of identify.
  5850 | D:5      | 5850 ||| IDENTIFYING fizzy blue potion
  5851 | D:5      | 5851 ||| DROPPING potion of flight.
  5852 | D:5      | 5852 ||| DROPPING potion of brilliance.
  5968 | D:6      | 5968 ||| Stepping ~*~*~tactically~*~*~ (stealth).
  5999 | D:6      | 5999 ||| Stepping ~*~*~tactically~*~*~ (stealth).
  6003 | D:6      | 6003 ||| FLEEEEING.
  6004 | D:6      | 6004 ||| FLEEEEING.
  6005 | D:6      | 6005 ||| FLEEEEING.
  6006 | D:6      | 6006 ||| FLEEEEING.
  6007 | D:6      | 6007 ||| FLEEEEING.
  6008 | D:6      | 6008 ||| FLEEEEING.
  6009 | D:6      | 6009 ||| FLEEEEING.
  6010 | D:6      | 6010 ||| FLEEEEING.
  6011 | D:6      | 6011 ||| FLEEEEING.
  6012 | D:6      | 6012 ||| FLEEEEING.
  6013 | D:6      | 6013 ||| FLEEEEING.
  6019 | D:6      | HP: 12/50 [gnoll/+0 spear[a gnoll bouda] (3)]
  6023 | D:6      | HP: 5/50 [gnoll/+0 spear[a gnoll bouda] (7)]
  6023 | D:6      | Slain by a gnoll

Levels and vault maps discovered:
D:1:      mushboom_english_gardens, layout_loops_corners, minmay_heptomino_d4
D:2:      layout_basic, basic_altar, serial_shops, shop, serial_rivers,
          chequers_serial_rivers_marsh, chequers_serial_rivers_marsh,
          chequers_serial_rivers_micro_a, chequers_serial_rivers_micro_c,
          chequers_serial_rivers_large_b, chequers_serial_rivers_micro_e,
          minmay_lizard_pond
D:3:      layout_loops_corners, grunt_temple_overflow_opulence, bloody_trog,
          serial_glass, glass_columns_c, glass_columns_b, serial_shops, shop,
          hellmonk_ecumenical_altar_crossroads, minmay_strange_pillars,
          kennysheep_big_empty_room, minmay_box_of_dots
D:4:      gammafunk_steamed_eel, layout_basic,
          mainiacjoe_overflow_surrounded_room, minmay_temple_entry_ruins,
          uniq_natasha, uniq_blork_the_orc
D:5:      layout_cave_pods, mainiacjoe_overflow_cross_hatched,
          minmay_manual_mares, uniq_ijyb
D:6:      layout_loops_ring, nicolae_overflow_hallway_of_the_gods,
          minmay_misc_feat_secret_circle, uniq_duvessa
Temple:   hellmonk_temple_micro_hex

Skill      XL: |  1  2  3  4  5  6  7 |
---------------+----------------------+-----
Axes           | 2 3 4 5 6 7 |  7.6
Fighting       | 4 5 |  5.4
Dodging        | 1 |  1.5
Armour         | |  3.2
Shields        | |  3.2

Action                   |  1- 3 |  4- 6 |  7- 9 || total
-------------------------+-------+-------+-------++-------
Melee: War axe           |   116 |   120 |    98 ||   334
  Use: Scroll            |     5 |     7 |     6 ||    18
       Potion            |       |     1 |     1 ||     2
Armor: Scale mail        |    61 |    53 |       ||   114
       Chain mail        |       |    67 |   109 ||   176
Dodge: Dodged            |    49 |    73 |    42 ||   164
Block: Buckler           |    21 |    19 |    22 ||    62

Table legend:
 A = Non-vault XP
 B = Vault XP
 C = Vault XP percentage of total XP
 D = Non-vault monster count
 E = Vault monster count
 F = Vault count percentage of total count
                 A         B        C        D         E       F
            +---------+---------+-------+---------+---------+-------
      Total |    1080 |     419 |  28.0 |      84 |      19 |  18.4
            +---------+---------+-------+---------+---------+-------
        D:1 |      31 |       5 |  13.9 |      18 |       4 |  18.2
        D:2 |      45 |       8 |  15.1 |      13 |       8 |  38.1
        D:3 |     112 |      43 |  27.7 |      18 |       3 |  14.3
        D:4 |     158 |      94 |  37.3 |      13 |       1 |   7.1
        D:5 |     492 |     269 |  35.3 |      15 |       3 |  16.7
        D:6 |     242 |       0 |   0.0 |       7 |       0 |   0.0
            +---------+---------+-------+---------+---------+-------
